 Dungeon Crawl Stone Soup version 0.28.0 (webtiles) character file.

Game seed: 5647682503045226176

57 Prodoman the Magician (level 3, -2/24 HPs)
             Began as a Demonspawn Hedge Wizard on Feb 4, 2022.
             Slain by Sigmund (8 damage)
             ... on level 3 of the Dungeon.
             The game lasted 00:05:24 (3345 turns).

Prodoman the Magician (Demonspawn Hedge Wizard)     Turns: 3345, Time: 00:05:25

Health: -2/24      AC:  2    Str: 10    XL:     3   Next: 73%
Magic:  5/7        EV: 12    Int: 17    God:
Gold:   65         SH:  0    Dex: 12    Spells: 4/8 levels left

rFire   . . .      SeeInvis .   a - +0 dagger
rCold   . . .      Faith    .   (no shield)
rNeg    . . .      Spirit   .   b - +0 robe
rPois   .          Reflect  .   c - +0 hat
rElec   .          Harm     .   (no cloak)
rCorr   .          Rampage  .   (no gloves)
Will    .....                   (no boots)
Stlth   ++........              (no amulet)
HPRegen 0.08/turn               (no ring)
MPRegen 0.10/turn               (no ring)

@: no status effects
A: demonic guardian 1
a: no special abilities


You were on level 3 of the Dungeon.
You visited 1 branch of the dungeon, and saw 3 of its levels.

You collected 65 gold pieces.

Inventory:

Hand Weapons
 a - a +0 dagger (weapon)
Armour
 b - a +0 robe (worn)
 c - a +0 hat (worn)
Jewellery
 k - a ring of magical power
 o - a ring of ice
Scrolls
 f - a scroll of amnesia {unknown}
 h - 3 scrolls of enchant weapon {unknown}
 j - a scroll of acquirement {unknown}
 l - 2 scrolls of identify {unknown}
 m - a scroll of torment {unknown}
 p - a scroll of vulnerability {unknown}
 q - a scroll of enchant armour {unknown}
Potions
 d - 2 potions of cancellation {unknown}
 e - a potion of magic {unknown}
 g - a potion of brilliance {unknown}
 i - a potion of flight {unknown}
 n - a potion of curing {unknown}
 r - a potion of heal wounds {unknown}


   Skills:
 + Level 2.2 Dodging
 - Level 2.0 Stealth
 + Level 3.3 Spellcasting
 + Level 1.7 Conjurations
 + Level 1.7 Summonings
 + Level 1.5 Translocations


You had 4 spell levels left.
You knew the following spells:

 Your Spells              Type           Power      Damage    Failure   Level
a - Magic Dart            Conj           32%        1d4       9%          1
b - Slow                  Hex            8%         N/A       17%         1
c - Call Imp              Summ           8%         N/A       13%         2

Your spell library contained the following spells:

 Spells                   Type           Power      Damage    Failure   Level
 Blink                    Tloc           16%        N/A       14%         2
 Conjure Flame            Conj/Fire      5%         6-21      34%         3
 Mephitic Cloud           Conj/Pois/Air  4%         N/A       38%         3
 Manifold Assault         Tloc           8%         N/A       94%         5
 Storm Form               Tmut/Air       1%         N/A       100%        7


Dungeon Overview and Level Annotations

Branches:
Dungeon (3/15)

Altars:
Ashenzari

Annotations:
D:3 Sigmund


Innate Abilities, Weirdness & Mutations

A weak demonic guardian rushes to your aid.


Message History

Are you sure you want to stumble around while confused and next to your crimson imp?
You hit Sigmund but do no damage. Sigmund hits you with a +0 scythe!
Are you sure you want to stumble around while confused and next to your crimson imp?
Are you sure you want to stumble around while confused and next to your crimson imp?
Sigmund hits you from afar with a +0 scythe!
* * * LOW HITPOINT WARNING * * *
A demonic guardian appears!
You're too confused to move!
Your ufetubus barely misses Sigmund. x2
Sigmund misses your ufetubus.
Your ufetubus barely misses Sigmund. x2
You feel less confused.
Your ufetubus hits Sigmund but does no damage.
Your ufetubus closely misses Sigmund.
Your ufetubus barely misses Sigmund.
Your ufetubus hits Sigmund.
Your crimson imp barely misses Sigmund.
Sigmund closely misses your ufetubus.
Your ufetubus hits Sigmund. x2
Your crimson imp hits Sigmund.
Your ufetubus hits Sigmund.
Your ufetubus closely misses Sigmund.
Sigmund hits your crimson imp with a +0 scythe!
Your ufetubus misses Sigmund. Your ufetubus hits Sigmund.
Your crimson imp closely misses Sigmund.
Your ufetubus closely misses Sigmund.
Your ufetubus hits Sigmund.
Your crimson imp misses Sigmund.
Sigmund misses your ufetubus.
Your ufetubus misses Sigmund.
Your ufetubus barely misses Sigmund.
Your ufetubus barely misses Sigmund.
Your ufetubus hits Sigmund.
Your crimson imp hits Sigmund.
Sigmund casts a spell.
Sigmund flickers and vanishes!
Deactivating autopickup; reactivate with Ctrl-A.
Your ufetubus resists with significant effort.
Something hits your ufetubus!
Your ufetubus dies!
Your ufetubus disappears in a puff of smoke!
You swap places.
You swap places.
Your crimson imp disappears in a puff of smoke!
Casting: Call Imp (safe; 13% risk of failure)
Confirm with . or Enter, or press ? or * to list all spells.
A beastly little devil appears in a puff of flame.
Something hits you!
You die...

####<#(###
#.....# ###.###
#.######
########......#
........#####.#
#######.# #.#
#.#####5####
###....{.@...#
#.††..###.##.#
#.#.#.# #...
#.#.5..(......
#.#.#.######.##
#....... .#
######### #


You could see a friendly crimson imp (summoned).

Vanquished Creatures
  A hound skeleton (D:3)
  A worm (D:2)
  A dart slug (D:1)
  An orc (D:3)
  5 bats
  3 endoplasms
  2 giant cockroaches
  3 goblins
  2 hobgoblins
  2 quokkas
  5 ball pythons
  4 frilled lizards
  3 kobolds
  3 rats
36 creatures vanquished.

Vanquished Creatures (others)
  2 fungi (D:1)
2 creatures vanquished.

Grand Total: 38 creatures vanquished

Notes
Turn   | Place    | Note
-------+----------+-------------------------------------------
     0 | D:1      | Prodoman the Demonspawn Hedge Wizard began the quest for
                  | the Orb.
     0 | D:1      | Reached XP level 1. HP: 13/13 MP: 4/4
   127 | D:1      | Reached skill level 1 in Translocations
   695 | D:1      | Gained mutation: A weak demonic guardian rushes to your
                  | aid. [demonic ancestry]
   695 | D:1      | Reached XP level 2. HP: 19/19 MP: 4/6
  1240 | D:1      | Found a faded altar of an unknown god.
  1240 | D:1      | You fall into a shaft and drop 1 floor!
  1830 | D:1      | Got Plato's Papyrus of Beguiling
  2334 | D:2      | Reached XP level 3. HP: 24/24 MP: 5/7
  2502 | D:2      | HP: 1/24 [worm (10)]
  2906 | D:3      | Found a broken altar of Ashenzari.
  2991 | D:3      | Learned a level 1 spell: Slow
  2994 | D:3      | Learned a level 2 spell: Call Imp
  3323 | D:3      | Noticed Sigmund
  3345 | D:3      | Slain by Sigmund

Illustrated notes

Levels and vault maps discovered:
D:1:      beargit_arrival_greenhouse, layout_basic,
          shapermc_ecumenical_altar_rom_forum
D:2:      layout_rooms
D:3:      layout_loops_ring, ashenzari_altar_1, goddamned_bats, uniq_sigmund

Skill      XL: |  1  2 |
---------------+-------+-----
Translocations | 1 |  1.5
Stealth        | 2 |  2.0
Dodging        | 2 |  2.2
Spellcasting   | |  3.3
Conjurations   | |  1.7
Summonings     | |  1.7

Action                   || total
-------------------------++-------
Melee: Dagger            ||    46
       Punch             ||     2
 Cast: Magic Dart        ||    88
       Call Imp          ||     2
Armor: Robe              ||    13
Dodge: Dodged            ||    39
